 Dungeon Crawl Stone Soup version 0.28.0 (webtiles) character file.

Game seed: 13330403836394453278

46 alexa the Shield-Bearer (level 3, 0/23 HPs)
             Began as a Gargoyle Fighter on Aug 8, 2022.
             Frozen to death by an endoplasm (4 damage)
             ... on level 2 of the Dungeon.
             The game lasted 00:05:07 (1816 turns).

alexa the Shield-Bearer (Gargoyle Fighter)          Turns: 1816, Time: 00:05:07

Health: 0/23       AC: 10    Str: 21    XL:     3   Next: 66%
Magic:  3/3        EV:  9    Int:  8    God:
Gold:   47         SH:  4    Dex:  9    Spells: 2/2 levels left

rFire   . . .      SeeInvis .   a - +0 flail
rCold   . . .      Faith    .   c - +0 buckler
rNeg    + . .      Spirit   .   b - +0 scale mail
rPois   ∞          Reflect  .   (no helmet)
rElec   +          Harm     .   (no cloak)
rCorr   .          Rampage  .   (no gloves)
Will    .....                   (no boots)
Stlth   ..........              (no amulet)
HPRegen 0.07/turn               (no ring)
MPRegen 0.08/turn               (no ring)

@: no status effects
A: sickness immunity, AC +3, negative energy resistance 1, electricity
resistance, torment resistance 1, petrification resistance
a: no special abilities


You were on level 2 of the Dungeon.
You visited 1 branch of the dungeon, and saw 2 of its levels.

You collected 47 gold pieces.

Inventory:

Hand Weapons
 a - a +0 flail (weapon)
Armour
 b - a +0 scale mail (worn)
 c - a +0 buckler (worn)
Scrolls
 e - 2 scrolls of identify {unknown}
 h - a scroll of enchant armour {unknown}
 i - a scroll of teleportation {unknown}
Potions
 d - a potion of might
 f - a potion of degeneration {unknown}
 g - a potion of attraction {unknown}
 j - a potion of haste {unknown}


   Skills:
 + Level 3.6 Fighting
 + Level 2.6 Maces & Flails
 + Level 3.7 Armour
 + Level 3.9 Shields


You had 2 spell levels left.
You didn't know any spells.
Your spell library was empty.

Dungeon Overview and Level Annotations

Branches:
Dungeon (2/15)

Altars:

Shops:
D:1 (


Innate Abilities, Weirdness & Mutations

You are immune to sickness and miasma.
Your stone body is resilient. (AC +3)
You are immune to poison.
You resist negative energy. (rN+)
You are resistant to electric shocks. (rElec)
You are resistant to unholy torment.
You are immune to petrification.


Message History

HP restored.
There is a stone staircase leading down here.
You climb downwards.
The hobgoblin shouts!
Found a dagger.
Found a faded altar of an unknown god.
There is a stone staircase leading up here.
You hit the hobgoblin but do no damage. The hobgoblin barely misses you.
You closely miss the hobgoblin. The hobgoblin barely misses you.
The endoplasm freezes you.
You are frozen.
You barely miss the hobgoblin. You block the hobgoblin's attack.
The endoplasm freezes you.
You are frozen.
The hobgoblin hits you but does no damage.
You closely miss the hobgoblin. The endoplasm freezes you.
You are frozen.
The hobgoblin hits you but does no damage.
You completely miss the hobgoblin. The endoplasm barely misses you.
The hobgoblin closely misses you. The endoplasm freezes you.
You are frozen.
You completely miss the hobgoblin.
The hobgoblin hits you with a +0 rapier.
You block the endoplasm's attack.
The hobgoblin hits you with a +0 rapier.
You hit the hobgoblin.
The hobgoblin is moderately wounded.
The endoplasm hits you but does no damage.
The hobgoblin hits you with a +0 rapier.
* * * LOW HITPOINT WARNING * * *
You barely miss the hobgoblin.
The hobgoblin is moderately wounded.
The endoplasm freezes you.
You are frozen.
* * * LOW HITPOINT WARNING * * *
You block the hobgoblin's attack. The endoplasm freezes you.
You are frozen.
You die...

#########
............._.. ..
........##......##.#
.######..........#.#
## #.#.....#.###
##..........
#.........#
..........#
#.....g@..# ##
##....J..## .#
##......# .#
##...#.# ..... .#
.....# ## ..#### ..


You could see an endoplasm and a hobgoblin.

Vanquished Creatures
  A gnoll (D:2)
  2 ball pythons
  2 endoplasms (D:1)
  A giant cockroach (D:1)
  4 goblins (D:1)
  8 jackals (D:1)
  2 quokkas (D:1)
  4 bats (D:1)
  A frilled lizard (D:1)
  3 kobolds (D:1)
  4 rats
32 creatures vanquished.

Notes
Turn   | Place    | Note
-------+----------+-------------------------------------------
     0 | D:1      | alexa the Gargoyle Fighter began the quest for the Orb.
     0 | D:1      | Reached XP level 1. HP: 14/14 MP: 1/1
    80 | D:1      | Reached XP level 2. HP: 19/19 MP: 2/2
   488 | D:1      | Found Udig's Weapon Emporium.
   820 | D:1      | Reached XP level 3. HP: 19/23 MP: 3/3
  1807 | D:2      | Found a faded altar of an unknown god.
  1816 | D:2      | Frozen to death by an endoplasm

Illustrated notes

Levels and vault maps discovered:
D:1:      amcnicky_arrival_blooded_trapdoor, layout_basic, serial_shops, shop
D:2:      minmay_wonky_spiral, layout_loops_ring,
          ebering_ecumenical_altar_sacrificial

Action                   || total
-------------------------++-------
Melee: Flail             ||   113
Armor: Scale mail        ||    57
Dodge: Dodged            ||    59
Block: Buckler           ||    30
